 Dungeon Crawl Stone Soup version 0.31-a0-344-gd109795599 (webtiles) character file.

Game seed: 10447589898426360646

11 drugrobin the Sneak (level 2, 0/25 HPs)
             Began as a Demigod Delver on July 21, 2023.
             Slain by an iguana (6 damage)
             ... on level 3 of the Dungeon.
             The game lasted 00:03:00 (455 turns).

drugrobin the Sneak (Demigod Delver)                 Turns: 455, Time: 00:03:00

Health: 0/25       AC:  3    Str: 13    XL:     2   Next: 3%
Magic:  4/4        EV: 11    Int: 12    God:
Gold:   40         SH:  0    Dex: 15    Spells: 1/1 levels left

rFire   . . .        a - +0 mace
rCold   . . .        (no shield)
rNeg    + . .        l - +0 leather armour
rPois   .            (no helmet)
rElec   .            (no cloak)
rCorr   .            (no gloves)
SInv    .            (no boots)
Will    .....        (no amulet)
Stlth   +++          n - ring of positive energy
HPRegen 0.24/turn    (no ring)
MPRegen 0.09/turn

%: no passive effects
@: no status effects
A: high MP 1, forlorn, divine attributes
a: no special abilities


You were on level 3 of the Dungeon.
You visited 1 branch of the dungeon, and saw 3 of its levels.

You collected 40 gold pieces.

Inventory:

Hand Weapons
 a - a +0 mace (weapon)
 b - a +0 sling
Armour
 k - a +0 ring mail
 l - a +0 leather armour (worn)
Jewellery
 m - a ring of ice
 n - a ring of positive energy (left hand)
Wands
 g - a wand of roots (5)
Scrolls
 c - a scroll of fog
 d - a scroll of revelation
 e - a scroll of fear
 j - a scroll of identify {unknown}
Potions
 f - a potion of haste
 h - a potion of mutation {unknown}
 i - a potion of might {unknown}


   Skills:
 - Level 2.6 Fighting
 + Level 2.6 Maces & Flails
 - Level 1.7 Dodging
 - Level 4.5 Stealth


You had one spell level left.
You didn't know any spells.
Your spell library was empty.

Dungeon Overview and Level Annotations

Branches:
Dungeon (5/15)
 Temple: D:4-7

Annotations:
D:3 3 runed translucent doors, HotCheetoh's ghost, amateur MiFi
D:5 exclusion: upstairs


Innate Abilities, Weirdness & Mutations

You have an increased reservoir of magic. (+10% MP)
You shall have no god before yourself.
Your divine heritage dramatically boosts your attributes as you level up.


Message History

Unknown command.
b - a +0 sling (weapon)
Fire: b) +0 sling
Press: ? - help, Q - select action, (/) - cycle Shift-Dir - straight line, f - iguana
Aim: an iguana (60% to hit)
You shoot a sling bullet. The sling bullet hits the iguana.
The iguana is heavily wounded.
Unknown command.
Unknown command.
Fire: b) +0 sling
Press: ? - help, Q - select action, (/) - cycle Shift-Dir - straight line, f/p - iguana
Aim: an iguana (heavily wounded, 60% to hit)
You shoot a sling bullet.
The sling bullet barely misses the iguana.
Unknown command.
Unknown command.
Fire: b) +0 sling
Press: ? - help, Q - select action, (/) - cycle Shift-Dir - straight line, f/p - iguana
Aim: an iguana (heavily wounded, 60% to hit)
You shoot a sling bullet.
The sling bullet barely misses the iguana.
Unknown command.
a - a +0 mace (weapon)
You hit the iguana.
The iguana is severely wounded.
The iguana bites you.
You hit the iguana.
The iguana is almost dead.
The iguana barely misses you. The iguana misses you.
You barely miss the iguana.
The iguana is almost dead.
The iguana bites you!
Ouch! That really hurt!
* * * LOW HITPOINT WARNING * * *
Unknown command.
Unknown command.
You hit the iguana but do no damage.
The iguana is almost dead.
The iguana bites you.
You die...

.....###+++###.. #.............
#............. #....>.# ###.####
#######.# #.......# #
#.##########################.#...
#.##............@l...............
#.##.############################
#....# ######


You could see an iguana.

Vanquished Creatures
  An adder (D:4)
  A goblin (D:4)
  A ball python (D:4)
3 creatures vanquished.

Notes
Turn   | Place    | Note
-------+----------+-------------------------------------------
     0 | D:5      | drugrobin the Demigod Delver began the quest for the Orb.
     0 | D:5      | Reached XP level 1. HP: 18/18 MP: 3/3
    12 | D:4      | Noticed an iguana
    24 | D:4      | Noticed an ogre
   124 | D:4      | Noticed an ogre
   154 | D:4      | Noticed an iguana
   172 | D:4      | Reached XP level 2. HP: 15/25 MP: 4/4
   244 | D:4      | Noticed an ogre
   397 | D:3      | Noticed HotCheetoh's ghost (amateur MiFi)
   397 | D:3      | Found a runed translucent gate.
   397 | D:3      | Found a runed translucent gate.
   397 | D:3      | Found a runed translucent gate.
   455 | D:3      | Slain by an iguana

Illustrated notes

Levels and vault maps discovered:
D:3:      layout_basic, mainiacjoe_overflow_boulevard,
          nicolae_qazlal_beasts_of_the_sky, gammafunk_ghost_split,
          hangedman_decor_growths, uniq_natasha
D:4:      layout_loops_corners, tso_altar, minmay_fractal_squares_diagonal_5
D:5:      minmay_inner_zag, layout_basic, mainiacjoe_overflow_small_starburst,
          serial_shops, shop

Skill      XL: |  1 |
---------------+----+-----
Maces & Flails | 2 |  2.6
Fighting       | |  2.6
Dodging        | |  1.7
Stealth        | |  4.5

Action                     || total
---------------------------++-------
  Melee: Mace              ||    18
   Fire: Sling             ||     6
  Evoke: Wand              ||     3
 Armour: Leather armour    ||    11
  Dodge: Dodged            ||    22

Table legend: (Time is in decaauts)
 A = Elapsed time spent in this place.
 B = Non-inter-level travel time spent in this place.
 C = Inter-level travel time spent in this place.
 D = Time resting spent in this place.
 E = Time spent auto-exploring this place.
 F = Levels seen in this place.
 G = Mean time per level.
                   A        B        C        D        E       F      G
               +--------+--------+--------+--------+--------+-----+--------+
         Total |    458 |    458 |      0 |     37 |     12 |   3 |  152.7 |
       Dungeon |    458 |    458 |      0 |     37 |     12 |   3 |  152.7 |
               +--------+--------+--------+--------+--------+-----+--------+

Top non-repeatable levels by time:
     D:4: 372 daAuts
     D:3: 66 daAuts
     D:5: 19 daAuts
